 Dungeon Crawl Stone Soup version 0.23-a0-642-g3120c2f (webtiles) character file.

1988 Leeroy the Carver (level 9, -2/67 HPs)
             Began as a Green Draconian Skald on Dec 30, 2018.
             Was a Believer of Okawaru.
             Killed from afar by an electric eel (10 damage)
             ... with a bolt of electricity
             ... on level 6 of the Dungeon.
             The game lasted 00:22:25 (7268 turns).

Leeroy the Carver (Green Draconian Skald)           Turns: 7268, Time: 00:22:25

Health: -2/67      AC:  9    Str: 13    XL:     9   Next: 1%
Magic:  11/13      EV: 14    Int: 16    God:    Okawaru [**....]
Gold:   158        SH:  5    Dex: 12    Spells: 7/14 levels left

rFire    . . .     SeeInvis +   r - +2 mace (protect)
rCold    . . .     Gourm    .   b - +0 buckler
rNeg     . . .     Faith    .   (armour unavailable)
rPois    +         Spirit   .   (helmet restricted)
rElec    .         Reflect  .   g - +0 cloak
rCorr    .         Harm     .   E - +0 pair of gloves
MR       .....                  (no boots)
Stlth    +.........             (no amulet)
HPRegen  0.21/turn              y - ring of see invisible
MPRegen  0.13/turn              (no ring)

@: very slightly contaminated, very slow
A: breathe noxious fumes, unfitting armour, poison resistance, cold-blooded, AC
+7
a: Breathe Noxious Fumes, Heroism, Renounce Religion


You were on level 6 of the Dungeon.
You worshipped Okawaru.
Okawaru was pleased with you.
You were hungry.

You visited 2 branches of the dungeon, and saw 7 of its levels.
You also visited: Sewer and Ossuary.

You collected 302 gold pieces.
You spent 144 gold pieces at shops.

Inventory:

Hand Weapons
 a - a +0 falchion
 d - a +0 spear
 k - a +0 spear
 m - a +0 dagger
 o - a +0 hand axe
 r - a +2 mace of protection (weapon)
 w - a +0 dagger
 F - a +0 rapier
 I - a +0 quarterstaff of protection
 L - a +0 hand crossbow
 O - a +0 mace of holy wrath
 P - a +0 flail of protection
 Q - a +0 shortbow
 R - a +0 glaive
 V - a +1 short sword of holy wrath
Missiles
 h - 3 needles of sleeping
 i - 147 stones (quivered)
 n - 91 bolts
 q - 113 arrows
 u - 15 sling bullets
 v - 45 poisoned needles
Armour
 b - a +0 buckler (worn)
 g - a +0 cloak (worn)
 E - a +0 pair of gloves (worn)
Jewellery
 x - a cursed ring of positive energy
 y - a ring of see invisible (left hand)
 J - an uncursed amulet of guardian spirit
 S - an uncursed amulet of faith {unknown}
 W - the ring "Pojant" {Fire MR+ Str+5, unknown}
   (You found it on level 6 of the Dungeon)

   [ring of fire]

   It enhances your fire magic.
   It affects your strength (+5).
   It protects you from fire.
   It makes you vulnerable to cold.
   It affects your resistance to hostile enchantments.
Wands
 t - a wand of random effects (15)
 M - a wand of flame (13)
Scrolls
 e - a scroll of magic mapping {unknown}
 j - 11 scrolls of remove curse {unknown}
 l - 5 scrolls of immolation
 p - 6 scrolls of teleportation
 s - 3 scrolls of fog {unknown}
 z - a scroll of random uselessness {unknown}
 N - 4 scrolls of identify
 U - a scroll of amnesia {unknown}
Potions
 f - 2 potions of lignification {unknown}
 B - 2 potions of flight {unknown}
 C - 3 potions of might
 D - a potion of brilliance {unknown}
 G - a potion of ambrosia {unknown}
 H - 4 potions of curing
 K - a potion of agility {unknown}
 T - 2 potions of invisibility {unknown}
 X - a potion of cancellation {unknown}
 Y - 2 potions of mutation {unknown}
Comestibles
 c - 9 rations
 Z - 3 chunks of flesh


   Skills:
 - Level 2.1 Fighting
 - Level 9.1 Long Blades
 - Level 3.0 Maces & Flails
 - Level 0.3 Crossbows
 * Level 4.3 Dodging
 - Level 4.0 Shields
 * Level 3.3 Spellcasting
 - Level 1.2 Hexes
 - Level 2.6 Charms


You had 7 spell levels left.
You knew the following spells:

 Your Spells              Type           Power        Failure   Level  Hunger
a - Infusion              Chrm           ##..         6%          1    None
b - Spectral Weapon       Hex/Chrm       #.......     24%         3    ###....
c - Regeneration          Chrm/Necr      #.........   30%         3    ###....

Your spell library contained the following spells:

 Spells                   Type           Power        Failure   Level  Hunger
 Song of Slaying          Chrm           ##......     9%          2    ##.....
 Shroud of Golubria       Chrm/Tloc      #.........   16%         2    ##.....


Dungeon Overview and Level Annotations

Branches:
Dungeon (6/15)             Temple (1/1) D:4

Altars:
Ashenzari
Cheibriados
Dithmenos
Elyvilon
Fedhas
Hepliaklqana
Kikubaaqudgha
Makhleb
Nemelex Xobeh
Okawaru
Ru
Sif Muna
Trog
Vehumet
Wu Jian
Yredelemnul
Zin
The Shining One

Shops:
D:6 !


Innate Abilities, Weirdness & Mutations

You can breathe blasts of noxious fumes.
Your lurid green scales are hard. (AC +7)
You cannot fit into any form of body armour.
Your system is resistant to poisons. (rPois)
You are cold-blooded and may be slowed by cold attacks.


Message History

The bolt of electricity hits you!
* * * LOW HITPOINT WARNING * * *
Unknown command.
The electric eel shoots out a bolt of lightning at you!
The bolt of electricity hits you!
* * * LOW HITPOINT WARNING * * *
The electric eel shoots out a bolt of lightning at you!
The bolt of electricity hits you!
* * * LOW HITPOINT WARNING * * *
Unknown command.
You feel much better.
Unknown command.
The electric eel shoots out a bolt of lightning at you!
The bolt of electricity hits you!
* * * LOW HITPOINT WARNING * * *
The bolt of electricity hits the plant.
Unknown command.
The electric eel shoots out a bolt of lightning at you!
The bolt of electricity hits you!
You die...

...................# #......
...................# #......
...................# #....<.
...................#####
######.
........#####'###....... ##
........# #....#.......
........# #....#......
........#######.≈P♣P♣♣
#+#.........♣♣≈♣@≈P♣≈♣♣♣
..#.......≈P♣P♣♣≈≈P≈≈≈≈≈
..÷......≈♣≈≈♣≈≈≈P≈≈≈≈≈P
..#....♣P≈P≈P≈≈≈≈≈≈≈≈≈≈≈
..#...♣♣≈P≈≈≈≈≈≈≈≈≈≈≈≈≈≈
..#..≈≈P≈≈≈≈≈;≈≈≈≈≈≈≈≈≈≈
####.♣♣≈♣≈PP≈≈≈≈≈≈≈≈≈≈≈≈≈≈P≈
#.♣≈≈≈≈≈≈≈≈≈≈≈≈≈≈≈≈≈≈≈≈P≈
#..≈♣≈≈♣≈≈≈≈≈≈≈≈≈≈≈≈≈≈;≈≈


You could see an electric eel.

Vanquished Creatures
  Edmund (D:4)
  Duvessa (D:6)
  A water moccasin (D:6)
  A centaur (D:5)
  A big kobold (Sewer)
  2 bullfrogs (D:6)
  Blork the orc (D:5)
  2 elf zombies (Ossuary)
  Dowan (D:6)
  A water moccasin zombie (D:5)
  2 scorpions (D:3)
  A water moccasin skeleton (D:4)
  A howler monkey (D:4)
  2 centaur zombies (Ossuary)
  2 crimson imps
  A human zombie (Ossuary)
  2 orc wizards (D:4)
  An orc priest (D:4)
  A hound (D:5)
  An iguana (D:6)
  A centaur skeleton (D:4)
  9 worker ants
  A hound skeleton (D:4)
  Robin (D:2)
  2 mummies (Ossuary)
  7 adders
  4 gnolls (D:4)
  A river rat (Sewer)
  2 oozes
  2 adder zombies (Ossuary)
  3 adder skeletons (D:4)
  2 worms
  4 dart slugs
  8 leopard geckos
  12 orcs
  10 bats
  6 giant cockroaches
  10 goblins
  6 hobgoblins
  3 jackals
  15 kobolds
  2 quokkas
  A ball python (D:2)
  8 frilled lizards
  9 hobgoblin zombies (Ossuary)
  12 kobold zombies (Ossuary)
  A leopard gecko skeleton (D:4)
  8 orc zombies (Ossuary)
  8 rats
184 creatures vanquished.

Vanquished Creatures (others)
  A spectral weapon (D:6)
1 creature vanquished.

Grand Total: 185 creatures vanquished

Notes
Turn   | Place    | Note
-------+----------+-------------------------------------------
     0 | D:1      | Leeroy the Draconian Skald began the quest for the Orb.
     0 | D:1      | Reached XP level 1. HP: 17/17 MP: 3/3
    66 | D:1      | Reached skill level 1 in Shields
    76 | D:1      | Reached XP level 2. HP: 12/24 MP: 5/5
   471 | D:1      | Reached skill level 3 in Long Blades
   473 | D:1      | Reached XP level 3. HP: 27/29 MP: 6/6
   478 | D:1      | Learned a level 3 spell: Spectral Weapon
  1123 | D:2      | Noticed Robin
  1126 | D:2      | Reached XP level 4. HP: 36/36 MP: 7/7
  1143 | D:2      | Killed Robin
  1143 | D:2      | Reached skill level 1 in Maces & Flails
  1759 | D:3      | Reached skill level 4 in Long Blades
  1759 | D:3      | Reached XP level 5. HP: 19/41 MP: 8/8
  2213 | D:3      | Found a glowing drain.
  2229 | D:3      | Reached skill level 1 in Hexes
  2296 | Sewer    | Entered a sewer
  2370 | Sewer    | Reached XP level 6. HP: 34/48 MP: 9/9
  2377 | Sewer    | Learned a level 3 spell: Regeneration
  2395 | Sewer    | Found a white marble altar of Elyvilon.
  2498 | Sewer    | Became a worshipper of Elyvilon the Healer
  3015 | D:3      | Reached * piety under Elyvilon
  3349 | D:4      | HP: 2/48 [centaur skeleton (7)]
  3374 | D:5      | Entered Level 5 of the Dungeon
  4007 | D:4      | Found a staircase to the Ecumenical Temple.
  4065 | Temple   | Entered the Ecumenical Temple
  4106 | Temple   | Fell from the grace of Elyvilon
  4106 | Temple   | Became a worshipper of Warmaster Okawaru
  4274 | D:4      | Reached skill level 5 in Long Blades
  4274 | D:4      | Your scales start taking on a lurid green colour.
  4274 | D:4      | Reached XP level 7. HP: 51/55 MP: 10/10
  4274 | D:4      | Gained mutation: Your system is resistant to poisons.
                  | (rPois) [Green Draconian growth]
  4463 | D:4      | Noticed Edmund
  4484 | D:4      | Killed Edmund
  4518 | D:4      | Reached skill level 6 in Long Blades
  4773 | D:4      | Reached skill level 7 in Long Blades
  5332 | D:5      | Reached XP level 8. HP: 57/61 MP: 11/11
  5348 | D:5      | Noticed Blork the orc
  5359 | D:5      | Killed Blork the orc
  5670 | D:5      | Reached * piety under Okawaru
  5836 | D:5      | Reached skill level 8 in Long Blades
  6028 | D:6      | Found Qaokkini's Distillery.
  6038 | D:6      | Bought a potion of heal wounds for 60 gold pieces
  6070 | D:6      | Noticed Duvessa
  6070 | D:6      | Noticed Dowan
  6154 | D:6      | Killed Duvessa
  6158 | D:6      | Killed Dowan
  6189 | D:6      | Got a glittering bronze ring
  6244 | D:6      | Reached skill level 9 in Long Blades
  6386 | D:6      | Found a sand-covered staircase.
  6393 | Ossuary  | Entered an ossuary
  6768 | D:6      | Reached ** piety under Okawaru
  6906 | D:6      | Found a glowing silver altar of Zin.
  7027 | D:6      | Bought a potion of curing for 36 gold pieces
  7027 | D:6      | Bought a potion of might for 48 gold pieces
  7095 | D:6      | Reached XP level 9. HP: 67/67 MP: 13/13
  7265 | D:6      | HP: 2/67 [electric eel/bolt of electricity (9)]
  7268 | D:6      | Killed from afar by an electric eel

Vault maps used:
D:1:      roderic_crossed_star
D:2:      first_ration, uniq_robin
D:3:      portal_sewer_entry_f
D:4:      cheibrodos_barr_body, minmay_temple_entry_mini_moons, uniq_edmund
D:5:      minmay_skewed_foursquare, uniq_blork_the_orc
D:6:      nicolae_ossuary_entry_monument, serial_shops, shop, basic_altar,
          serial_bayou_lake_a, uniq_duvessa
Temple:   compressed_dpeg_circular_temple
Sewer:    sewer_kobolds
Ossuary:  ossuary_tomb_1

Skill      XL: |  1  2  3  4  5  6  7  8 |
---------------+-------------------------+-----
Shields        | 1 2 4 |  4.0
Long Blades    | 3 4 5 7 9 |  9.1
Maces & Flails | 1 3 |  3.0
Hexes          | 1 |  1.2
Dodging        | 4 |  4.3
Spellcasting   | 3 |  3.3
Fighting       | |  2.1
Crossbows      | |  0.3
Charms         | |  2.6

Action                   |  1- 3 |  4- 6 |  7- 9 || total
-------------------------+-------+-------+-------++-------
Melee: Falchion          |    72 |       |       ||    72
       Tailslap          |    16 |    17 |    48 ||    81
       Mace              |    41 |   228 |   272 ||   541
       Short sword       |       |       |   146 ||   146
Throw: Stone             |       |    18 |       ||    18
 Cast: Infusion          |     1 |       |       ||     1
       Spectral Weapon   |       |     1 |     3 ||     4
Invok: Lesser Healing    |       |     3 |       ||     3
 Abil: Breathe Noxious F |       |       |     1 ||     1
  Use: Scroll            |     2 |     4 |     2 ||     8
       Potion            |       |       |     5 ||     5
 Stab: Sleeping          |     1 |     2 |       ||     3
       Distracted        |       |       |     1 ||     1
  Eat: Chunk             |     1 |     8 |     7 ||    16
       Ration            |       |     1 |     1 ||     2
Armor: Skin              |    44 |   131 |   165 ||   340
Dodge: Dodged            |    78 |   206 |   200 ||   484
Block: Buckler           |    12 |    87 |    88 ||   187
       Rpst.: Falchion   |    14 |       |       ||    14

Table legend:
 A = Non-vault XP
 B = Vault XP
 C = Vault XP percentage of total XP
 D = Non-vault monster count
 E = Vault monster count
 F = Vault count percentage of total count
                 A         B        C        D         E       F
            +---------+---------+-------+---------+---------+-------
      Total |    1441 |    1400 |  49.3 |     109 |      75 |  40.8
            +---------+---------+-------+---------+---------+-------
        D:1 |      51 |       0 |   0.0 |      28 |       0 |   0.0
        D:2 |     109 |      26 |  19.3 |      24 |       7 |  22.6
        D:3 |     183 |      12 |   6.2 |      18 |       5 |  21.7
        D:4 |     366 |     427 |  53.8 |      23 |      10 |  30.3
        D:5 |     242 |     180 |  42.7 |       6 |       4 |  40.0
        D:6 |     490 |     229 |  31.8 |      10 |       2 |  16.7
      Sewer |       0 |     123 | 100.0 |       0 |       9 | 100.0
    Ossuary |       0 |     403 | 100.0 |       0 |      38 | 100.0
            +---------+---------+-------+---------+---------+-------
